| TOP OF THE 1ST |
|
Wisconsin Rapids Timber Rattlers batting - Pitching for Wausau Timbers : LHP Karl Steffen
|
|
Pitching: LHP Karl Steffen
|
|
|
Batting: RHB Jim Presley
|
0-0: Ground out 4-3 (Groundball, 4, EV 88.8 MPH)
|
|
Batting: RHB Barbaro Garbey
|
0-0: Fly out, F8 (Flyball, 8LM, EV 76.3 MPH)
|
|
Batting: LHB Dion James
|
0-0: Called Strike 0-1: Ball 1-1: Swinging Strike 1-2: Foul Ball, location: 2F 1-2: Ball 2-2: Foul Ball, location: 2F 2-2: SINGLE (Line Drive, 8LS, EV 101.3 MPH)
|
|
Batting: RHB Tim Pyznarski
|
0-0: Ball 1-0: 2-RUN HOME RUN (Flyball, 78XD, EV 103.8 MPH), Distance : 399 ft
|
|
Batting: LHB Greg Smith
|
0-0: Foul Ball, location: 2F 0-1: Ball 1-1: Ball 2-1: Called Strike 2-2: Ball 3-2: Base on Balls
|
|
Batting: RHB Darryl Motley
|
0-0: Called Strike 0-1: Ball 1-1: Ball 2-1: Ball 3-1: Foul Ball, location: 2F 3-2: Base on Balls Greg Smith to second
|
|
Batting: LHB Jimmy Hickman
|
0-0: Ball 1-0: Ball 2-0: Swinging Strike 2-1: Swinging Strike 2-2: Strikes out swinging
|
| Top of the 1st over - 2 runs, 2 hits, 0 errors, 2 left on base; Wisconsin Rapids 2 - Wausau 0 |
| BOTTOM OF THE 1ST |
|
Wausau Timbers batting - Pitching for Wisconsin Rapids Timber Rattlers : RHP Roger McDowell
|
|
Pitching: RHP Roger McDowell
|
|
|
Batting: RHB John Nicolo
|
0-0: Ball 1-0: Ball 2-0: Called Strike 2-1: Ground out 4-3 (Groundball, 13, EV 85.0 MPH)
|
|
Batting: SHB Herman Lewis
|
0-0: Ball 1-0: Bunt for hit to 13 - play at first, batter safe!
|
|
Batting: RHB Rich Renteria
|
0-0: Ball 1-0: Swinging Strike 1-1: SINGLE (Groundball, 56D, EV 94.4 MPH) Herman Lewis to second Runner from 2nd tries for 3rd, OUT! 7-5 Rich Renteria to second
|
|
Batting: LHB Ricky Seilheimer
|
0-0: Called Strike 0-1: Ball 1-1: Ball 2-1: Foul Ball, location: 2F 2-2: Foul Ball, location: 2F 2-2: Foul Ball, location: 2F 2-2: Ground out 6-3 (Groundball, 6, EV 83.1 MPH)
|
| Bottom of the 1st over - 0 runs, 2 hits, 0 errors, 1 left on base; Wisconsin Rapids 2 - Wausau 0 |
| TOP OF THE 2ND |
|
Wisconsin Rapids Timber Rattlers batting - Pitching for Wausau Timbers : LHP Karl Steffen
|
|
Batting: RHB Al Pedrique
|
0-0: Ball 1-0: Ball 2-0: Ball 3-0: Called Strike 3-1: SINGLE (Flyball, 7LM, EV 95.0 MPH)
|
|
Batting: RHB Phil Lombardi
|
0-0: Ball 1-0: Ball 2-0: Foul Ball, location: 2F 2-1: Foul Ball, location: 2F 2-2: Foul Ball, location: 2F 2-2: Ball 3-2: Foul Ball, location: 2F 3-2: Base on Balls Al Pedrique to second
|
|
Batting: RHB Jim Presley
|
0-0: SINGLE (Line Drive, 3D, EV 97.5 MPH) Al Pedrique to third Phil Lombardi to second
|
|
Batting: RHB Barbaro Garbey
|
0-0: Grounds into double play, 6-4-3 (Groundball, 6, EV 103.1 MPH) Al Pedrique scores Phil Lombardi to third
|
|
Batting: LHB Dion James
|
0-0: Ball 1-0: Ball 2-0: Ball 3-0: Called Strike 3-1: Ground out 6-3 (Groundball, 4MS, EV 82.5 MPH)
|
| Top of the 2nd over - 1 run, 2 hits, 0 errors, 1 left on base; Wisconsin Rapids 3 - Wausau 0 |
| BOTTOM OF THE 2ND |
|
Wausau Timbers batting - Pitching for Wisconsin Rapids Timber Rattlers : RHP Roger McDowell
|
|
Batting: LHB Jerry Morton
|
0-0: Ball 1-0: Ball 2-0: Ball 3-0: Called Strike 3-1: Foul Ball, location: 2F 3-2: SINGLE (Groundball, 25, EV 65.0 MPH) (infield hit)
|
|
Batting: RHB Bruce Chaney
|
0-0: Ball 1-0: Ball 2-0: Called Strike 2-1: Ball 3-1: Foul Ball, location: 2F 3-2: Grounds into double play, 5-4-3 (Groundball, 5L, EV 85.6 MPH)
|
|
Batting: RHB John Pignotti
|
0-0: Ball 1-0: Ball 2-0: Ball 3-0: Called Strike 3-1: Foul Ball, location: 2F 3-2: Foul Ball, location: 2F 3-2: Base on Balls
|
|
Batting: RHB Jeffrey Young
|
0-0: Ball 1-0: Called Strike 1-1: Ground out 4-3 (Groundball, 4, EV 90.6 MPH)
|
| Bottom of the 2nd over - 0 runs, 1 hit, 0 errors, 1 left on base; Wisconsin Rapids 3 - Wausau 0 |
| TOP OF THE 3RD |
|
Wisconsin Rapids Timber Rattlers batting - Pitching for Wausau Timbers : LHP Karl Steffen
|
|
Batting: RHB Tim Pyznarski
|
0-0: Ball 1-0: Ball 2-0: Swinging Strike 2-1: SOLO HOME RUN (Flyball, 7D, EV 96.9 MPH), Distance : 373 ft
|
|
Batting: LHB Greg Smith
|
0-0: Ground out 5-3 (Groundball, 5, EV 78.1 MPH)
|
|
Batting: RHB Darryl Motley
|
0-0: Foul Ball, location: 2F 0-1: Swinging Strike 0-2: Ball 1-2: Strikes out swinging
|
|
Batting: LHB Jimmy Hickman
|
0-0: Ball 1-0: Ball 2-0: Ball 3-0: Base on Balls
|
|
Batting: RHB Al Pedrique
|
0-0: Called Strike 0-1: Ball 1-1: Called Strike 1-2: Ball 2-2: Ball 3-2: Ground out 5-3 (Groundball, 56S, EV 88.1 MPH)
|
| Top of the 3rd over - 1 run, 1 hit, 0 errors, 1 left on base; Wisconsin Rapids 4 - Wausau 0 |
| BOTTOM OF THE 3RD |
|
Wausau Timbers batting - Pitching for Wisconsin Rapids Timber Rattlers : RHP Roger McDowell
|
|
Batting: RHB Isaac Seoanee
|
0-0: Ball 1-0: Ball 2-0: Foul Ball, location: 2F 2-1: Fly out, F8 (Flyball, 89M, EV 88.8 MPH)
|
|
Batting: RHB John Nicolo
|
0-0: Called Strike 0-1: Swinging Strike 0-2: Strikes out swinging
|
|
Batting: SHB Herman Lewis
|
0-0: Ball 1-0: Foul Ball, location: 2F 1-1: Foul Ball, location: 2F 1-2: Ball 2-2: Ball 3-2: Ground out 6-3 (Groundball, 56, EV 81.3 MPH)
|
| Bottom of the 3rd over - 0 runs, 0 hits, 0 errors, 0 left on base; Wisconsin Rapids 4 - Wausau 0 |
| TOP OF THE 4TH |
|
Wisconsin Rapids Timber Rattlers batting - Pitching for Wausau Timbers : LHP Karl Steffen
|
|
Batting: RHB Phil Lombardi
|
0-0: Called Strike 0-1: Called Strike 0-2: Ball 1-2: Ball 2-2: Foul Ball, location: 2F 2-2: Ball 3-2: Base on Balls
|
|
Batting: RHB Jim Presley
|
0-0: Ball 1-0: Ball 2-0: Foul Ball, location: 2F 2-1: Swinging Strike 2-2: Foul Ball, location: 2F 2-2: Fly out, F8 (Flyball, 8RS, EV 81.9 MPH)
|
|
Batting: RHB Barbaro Garbey
|
0-0: Fly out, F8 (Flyball, 8RM, EV 91.3 MPH)
|
|
Batting: LHB Dion James
|
0-0: Foul Ball, location: 2F 0-1: SINGLE (Line Drive, 4D, EV 96.9 MPH) Phil Lombardi to second Runner from 2nd tries for 3rd, SAFE, throw by CF made to third
|
|
Batting: RHB Tim Pyznarski
|
0-0: Ball 1-0: Ball 2-0: Ball 3-0: Called Strike 3-1: 3-RUN HOME RUN (Flyball, 7D, EV 90.6 MPH), Distance : 371 ft
|
|
Pitching: RHP Robert Tenenini
|
|
|
Batting: LHB Greg Smith
|
0-0: Fly out, F8 (Flyball, 8LD, EV 81.9 MPH)
|
| Top of the 4th over - 3 runs, 2 hits, 0 errors, 0 left on base; Wisconsin Rapids 7 - Wausau 0 |
| BOTTOM OF THE 4TH |
|
Wausau Timbers batting - Pitching for Wisconsin Rapids Timber Rattlers : RHP Roger McDowell
|
|
Batting: RHB Rich Renteria
|
0-0: Foul Ball, location: 2F 0-1: Called Strike 0-2: Ball 1-2: Ball 2-2: SINGLE (Groundball, 56D, EV 94.4 MPH)
|
|
Batting: LHB Ricky Seilheimer
|
0-0: Foul Ball, location: 2F 0-1: Ball 1-1: Grounds into double play, 4-6-3 (Groundball, 34D, EV 78.8 MPH)
|
|
Batting: LHB Jerry Morton
|
0-0: Called Strike 0-1: Foul Ball, location: 2F 0-2: Foul Ball, location: 2F 0-2: Foul Ball, location: 2F 0-2: Ball 1-2: Ground out 6-3 (Groundball, 6M, EV 102.5 MPH)
|
| Bottom of the 4th over - 0 runs, 1 hit, 0 errors, 0 left on base; Wisconsin Rapids 7 - Wausau 0 |
| TOP OF THE 5TH |
|
Wisconsin Rapids Timber Rattlers batting - Pitching for Wausau Timbers : RHP Robert Tenenini
|
|
Batting: RHB Darryl Motley
|
0-0: Ball 1-0: SINGLE (Line Drive, 78S, EV 95.0 MPH)
|
|
Batting: LHB Jimmy Hickman
|
0-0: SINGLE (Groundball, 34, EV 108.8 MPH) Darryl Motley to second
|
|
Batting: RHB Al Pedrique
|
0-0: Called Strike 0-1: Ball 1-1: Ball 2-1: Fielders Choice at 2nd, 3-6 (Groundball, 34, EV 103.8 MPH) Darryl Motley to third
|
|
Batting: RHB Phil Lombardi
|
0-0: Foul Ball, location: 2F 0-1: Foul Ball, location: 2F 0-2: Ball 1-2: Ball 2-2: Foul Ball, location: 2F 2-2: Ball 3-2: DOUBLE (Flyball, 8LXD, EV 103.8 MPH) Darryl Motley scores Al Pedrique to third Al Pedrique scores
|
|
Batting: RHB Jim Presley
|
0-0: Ball 1-0: Ball 2-0: Foul Ball, location: 2F 2-1: Ball 3-1: Base on Balls
|
|
Batting: RHB Barbaro Garbey
|
0-0: Called Strike 0-1: Ball 1-1: TRIPLE (Line Drive, 8LXD, EV 100.6 MPH) Phil Lombardi scores Jim Presley scores
|
|
Batting: LHB Dion James
|
0-0: Ball 1-0: Called Strike 1-1: Called Strike 1-2: Foul Ball, location: 2F 1-2: Fly out, F8 (Flyball, 8RXD, EV 98.1 MPH) Runner from 3rd tags up, SCORES, no throw by CF
|
|
Pitching: RHP Jean Marquis
|
|
|
Batting: RHB Tim Pyznarski
|
0-0: Swinging Strike 0-1: Ball 1-1: Foul Ball, location: 2F 1-2: SINGLE (Groundball, 34S, EV 68.8 MPH) (infield hit)
|
|
Batting: LHB Greg Smith
|
0-0: Called Strike 0-1: Ball 1-1: Ground out 5-3 (Groundball, 56S, EV 69.4 MPH)
|
| Top of the 5th over - 5 runs, 5 hits, 0 errors, 1 left on base; Wisconsin Rapids 12 - Wausau 0 |
| BOTTOM OF THE 5TH |
|
Wausau Timbers batting - Pitching for Wisconsin Rapids Timber Rattlers : RHP Roger McDowell
|
|
Batting: RHB Bruce Chaney
|
0-0: Called Strike 0-1: Ball 1-1: Fly out, F9 (Flyball, 89M, EV 98.1 MPH)
|
|
Batting: RHB John Pignotti
|
0-0: Ball 1-0: Ground out 6-3 (Groundball, 56D, EV 79.4 MPH)
|
|
Batting: RHB Jeffrey Young
|
0-0: Ground out 6-3 (Groundball, 6, EV 110.0 MPH)
|
| Bottom of the 5th over - 0 runs, 0 hits, 0 errors, 0 left on base; Wisconsin Rapids 12 - Wausau 0 |
| TOP OF THE 6TH |
|
Wisconsin Rapids Timber Rattlers batting - Pitching for Wausau Timbers : RHP Jean Marquis
|
|
Batting: RHB Darryl Motley
|
0-0: Swinging Strike 0-1: SINGLE (Line Drive, 8RS, EV 98.1 MPH)
|
|
Batting: LHB Jimmy Hickman
|
0-0: Called Strike 0-1: Foul Ball, location: 2F 0-2: SINGLE (Groundball, 34S, EV 96.3 MPH) Darryl Motley to second
|
|
Batting: RHB Al Pedrique
|
0-0: Ball 1-0: Called Strike 1-1: SINGLE (Flyball, 34D, EV 90.0 MPH) Darryl Motley to third Jimmy Hickman to second
|
|
Batting: RHB Phil Lombardi
|
0-0: Called Strike 0-1: Ball 1-1: Foul Ball, location: 2F 1-2: Ball 2-2: Fly out, F8 (Flyball, 8RD, EV 94.4 MPH) Runner from 3rd tags up, SCORES, throw by CF
|
|
Batting: RHB Jim Presley
|
0-0: Fly out, F7 (Flyball, 78M, EV 83.8 MPH)
|
|
Batting: RHB Barbaro Garbey
|
0-0: Called Strike 0-1: Ground out 4-3 (Groundball, 4, EV 80.0 MPH)
|
| Top of the 6th over - 1 run, 3 hits, 0 errors, 2 left on base; Wisconsin Rapids 13 - Wausau 0 |
| BOTTOM OF THE 6TH |
|
Wausau Timbers batting - Pitching for Wisconsin Rapids Timber Rattlers : RHP Roger McDowell
|
|
Batting: RHB Isaac Seoanee
|
0-0: Called Strike 0-1: Ball 1-1: Ball 2-1: Called Strike 2-2: Foul Ball, location: 2F 2-2: Ball 3-2: Foul Ball, location: 2F 3-2: SINGLE (Groundball, 6MD, EV 108.8 MPH)
|
|
Batting: RHB John Nicolo
|
0-0: Ball 1-0: Called Strike 1-1: Swinging Strike 1-2: Fielders Choice at 2nd, 5-4 (Groundball, 56, EV 86.3 MPH)
|
|
Batting: SHB Herman Lewis
|
0-0: Called Strike John Nicolo steals 2nd base 0-1: Called Strike 0-2: Ball 1-2: Foul Ball, location: 2F 1-2: Ball 2-2: Ground out 5-3 (Groundball, 5, EV 81.9 MPH)
|
|
Batting: RHB Rich Renteria
|
0-0: SINGLE (Groundball, 56D, EV 108.1 MPH) John Nicolo to third Runner from 3rd tries for Home, SAFE, throw by LF to home
|
|
Batting: LHB Ricky Seilheimer
|
0-0: Foul Ball, location: 2F 0-1: Ball 1-1: Fly out, F8 (Flyball, 8LS, EV 86.3 MPH)
|
| Bottom of the 6th over - 1 run, 2 hits, 0 errors, 1 left on base; Wisconsin Rapids 13 - Wausau 1 |
| TOP OF THE 7TH |
|
Wisconsin Rapids Timber Rattlers batting - Pitching for Wausau Timbers : RHP Jean Marquis
|
|
Batting: LHB Dion James
|
0-0: Ball 1-0: Ball 2-0: Ball 3-0: Base on Balls
|
|
Batting: RHB Tim Pyznarski
|
0-0: Ball 1-0: Ball 2-0: Ball Passed Ball! Dion James to second 3-0: Base on Balls
|
|
Batting: LHB Greg Smith
|
0-0: Called Strike 0-1: Ball 1-1: Foul Ball, location: 2F 1-2: Ball 2-2: Fly out, F7 (Line Drive, 7, EV 90.6 MPH)
|
|
Pitching: RHP Mario Duran
|
|
|
Batting: RHB Darryl Motley
|
0-0: Called Strike 0-1: Ball 1-1: Foul Ball, location: 2F 1-2: SINGLE (Flyball, 78S, EV 85.6 MPH) Dion James to third Tim Pyznarski to second
|
|
Batting: LHB Jimmy Hickman
|
0-0: Ball 1-0: Ball 2-0: Foul Ball, location: 2F 2-1: Ball 3-1: Foul Ball, location: 2F 3-2: Strikes out swinging
|
|
Batting: RHB Al Pedrique
|
0-0: Foul Ball, location: 2F 0-1: Hit by Pitch Dion James scores Tim Pyznarski to third Darryl Motley to second
|
|
Batting: RHB Phil Lombardi
|
0-0: Foul Ball, location: 2F 0-1: Called Strike 0-2: Ball 1-2: Fly out, F6 (Flyball, 56D, EV 83.8 MPH)
|
| Top of the 7th over - 1 run, 1 hit, 0 errors, 3 left on base; Wisconsin Rapids 14 - Wausau 1 |
| BOTTOM OF THE 7TH |
|
Wausau Timbers batting - Pitching for Wisconsin Rapids Timber Rattlers : RHP Roger McDowell
|
|
Batting: LHB Jerry Morton
|
0-0: Called Strike 0-1: Ball 1-1: Ball 2-1: Swinging Strike 2-2: Ground out 6-3 (Groundball, 6, EV 100.6 MPH)
|
|
Pinch Hitting: RHB Kevin McDaniel
|
0-0: Ground out 5-3 (Groundball, 56S, EV 69.4 MPH)
|
|
Batting: RHB John Pignotti
|
0-0: Ball 1-0: Ball 2-0: Called Strike 2-1: Called Strike 2-2: Ground out 6-3 (Groundball, 56, EV 82.5 MPH)
|
| Bottom of the 7th over - 0 runs, 0 hits, 0 errors, 0 left on base; Wisconsin Rapids 14 - Wausau 1 |
| TOP OF THE 8TH |
|
Wisconsin Rapids Timber Rattlers batting - Pitching for Wausau Timbers : RHP Mario Duran
|
|
Now at 3B: Kevin McDaniel
|
|
|
Batting: RHB Jim Presley
|
0-0: Ball 1-0: Foul Ball, location: 2F 1-1: Ball 2-1: TRIPLE (Line Drive, 89XD, EV 101.3 MPH)
|
|
Batting: RHB Barbaro Garbey
|
0-0: Ball 1-0: Ground out 6-3 (Groundball, 56, EV 83.1 MPH) Jim Presley scores
|
|
Batting: LHB Dion James
|
0-0: Foul Ball, location: 2F 0-1: Ground out 4-3 (Groundball, 4, EV 83.1 MPH)
|
|
Batting: RHB Tim Pyznarski
|
0-0: Hit by Pitch
|
|
Batting: LHB Greg Smith
|
0-0: Foul Ball, location: 2F 0-1: Ball 1-1: Ground out 4-3 (Groundball, 34D, EV 102.5 MPH)
|
| Top of the 8th over - 1 run, 1 hit, 0 errors, 1 left on base; Wisconsin Rapids 15 - Wausau 1 |
| BOTTOM OF THE 8TH |
|
Wausau Timbers batting - Pitching for Wisconsin Rapids Timber Rattlers : RHP Roger McDowell
|
|
Pitching: RHP Thomas Banducci
|
|
|
Batting: RHB Jeffrey Young
|
0-0: Ball 1-0: Called Strike 1-1: Ball 2-1: SINGLE (Groundball, 25, EV 65.6 MPH) (infield hit)
|
|
Batting: RHB Isaac Seoanee
|
0-0: Foul Ball, location: 2F 0-1: Grounds into double play, 6-4-3 (Groundball, 6, EV 91.9 MPH)
|
|
Batting: RHB John Nicolo
|
0-0: Ground out 4-3 (Groundball, 34, EV 81.9 MPH)
|
| Bottom of the 8th over - 0 runs, 1 hit, 0 errors, 0 left on base; Wisconsin Rapids 15 - Wausau 1 |
| TOP OF THE 9TH |
|
Wisconsin Rapids Timber Rattlers batting - Pitching for Wausau Timbers : RHP Mario Duran
|
|
Batting: RHB Darryl Motley
|
0-0: Foul Ball, location: 2F 0-1: Ball 1-1: Swinging Strike 1-2: Ground out 4-3 (Groundball, 4, EV 79.4 MPH)
|
|
Batting: LHB Jimmy Hickman
|
0-0: Called Strike 0-1: SINGLE (Groundball, 25, EV 68.8 MPH) (infield hit)
|
|
Batting: RHB Al Pedrique
|
0-0: Ball 1-0: Called Strike 1-1: Fielders Choice at 2nd, 1-4 (Groundball, P, EV 68.1 MPH)
|
|
Batting: RHB Phil Lombardi
|
0-0: Ball 1-0: Fielders Choice at 2nd, 6-4 (Groundball, 6, EV 105.6 MPH)
|
| Top of the 9th over - 0 runs, 1 hit, 0 errors, 1 left on base; Wisconsin Rapids 15 - Wausau 1 |
| BOTTOM OF THE 9TH |
|
Wausau Timbers batting - Pitching for Wisconsin Rapids Timber Rattlers : RHP Thomas Banducci
|
|
Batting: SHB Herman Lewis
|
0-0: Ball 1-0: Reached on error, E5 (Groundball, 56, EV 89.4 MPH)
|
|
Pinch Hitting: SHB James Flores
|
0-0: Called Strike 0-1: Ball 1-1: Ball 2-1: Ball 3-1: Base on Balls
|
|
Pinch Hitting: LHB Mark Steenken
|
0-0: Ball 1-0: Foul Ball, location: 2F 1-1: Ball 2-1: Ball 3-1: Called Strike 3-2: Fly out, F6 (Line Drive, 6, EV 71.9 MPH)
|
|
Batting: LHB Jerry Morton
|
0-0: Called Strike 0-1: Ball 1-1: Fielders Choice at 2nd, 3-6 (Groundball, 34, EV 101.9 MPH) Herman Lewis to third
|
|
Batting: RHB Kevin McDaniel
|
0-0: Swinging Strike 0-1: Fielders Choice at 2nd, 5-4 (Groundball, 5, EV 86.3 MPH)
|
| Bottom of the 9th over - 0 runs, 0 hits, 1 error, 2 left on base; Wisconsin Rapids 15 - Wausau 1 |
|